 Dungeon Crawl Stone Soup version 0.25-a0-265-g7af84ae0ac (webtiles) character file.

Game seed: 3469706154565620774, levelgen mode: classic

998 Borgoz the Cutter (level 8, -3/54 HPs)
             Began as a Halfling Assassin on Dec 7, 2019.
             Was a Believer of Okawaru.
             Killed from afar by an electric eel (7 damage)
             ... with a bolt of electricity
             ... on level 6 of the Dungeon.
             The game lasted 00:08:46 (6071 turns).

Borgoz the Cutter (Halfling Assassin)               Turns: 6071, Time: 00:08:47

Health: -3/54      AC:  7    Str: 14      XL:     8   Next: 42%
Magic:  8/8        EV: 15    Int:  8 (9)  God:    Okawaru [**....]
Gold:   777        SH:  0    Dex: 15 (16) Spells: 4/7 levels left

rFire    + + .     SeeInvis .   a - +6 rapier of Absolution {pierce, rF++ rN+}
rCold    . . .     Gourm    .   (shield restricted)
rNeg     + . .     Faith    .   k - +0 ring mail
rPois    .         Spirit   .   (no helmet)
rElec    .         Reflect  .   c - +0 cloak
rCorr    .         Harm     .   (no gloves)
MR       .....                  (no boots)
Stlth    +.........             (no amulet)
HPRegen  0.18/turn              (no ring)
MPRegen  0.11/turn              (no ring)

@: very slow
A: small, mutation resistance 1
a: Heroism, Renounce Religion


You were on level 6 of the Dungeon.
You worshipped Okawaru.
Okawaru was pleased with you.
You were not hungry.

You visited 1 branch of the dungeon, and saw 7 of its levels.

You collected 777 gold pieces.

Inventory:

Hand Weapons
 a - the +6 rapier of Absolution (weapon) {pierce, rF++ rN+}
   (You found it on level 5 of the Dungeon)

   It inflicts extra damage upon your enemies.
   It greatly protects you from fire.
   It protects you from negative energy.
 b - a +0 rapier
Missiles
 d - 32 poisoned darts (quivered)
 e - 2 curare-tipped darts
Armour
 c - a +0 cloak (worn)
 k - a +0 ring mail (worn)
Jewellery
 u - an uncursed ring of flight
Scrolls
 g - 2 scrolls of immolation {unknown}
 h - 3 scrolls of remove curse {unknown}
 i - a scroll of fear {unknown}
 l - a scroll of blinking {unknown}
 n - a scroll of enchant armour {unknown}
 p - a scroll of amnesia {unknown}
 s - a scroll of noise {unknown}
 t - 3 scrolls of teleportation {unknown}
 z - a scroll of fog {unknown}
Potions
 j - a potion of ambrosia
 m - a potion of resistance
 o - a potion of degeneration
 q - a potion of invisibility
 r - a potion of heal wounds
 v - a potion of curing {unknown}
 x - a potion of haste
 A - a potion of flight
Comestibles
 f - 14 rations
 w - 3 chunks of flesh


   Skills:
 + Level 3.9 Fighting
 * Level 7.0 Short Blades
 - Level 2.0 Throwing
 * Level 4.1 Armour
 * Level 4.3 Dodging
 + Level 5.1 Stealth
 + Level 0.2 Spellcasting
 + Level 0.0 Hexes
 + Level 0.4 Invocations
 + Level 0.4 Evocations


You had 4 spell levels left.
You knew the following spells:

 Your Spells              Type           Power        Failure   Level  Hunger
a - Confuse               Hex            #.......     94%         3    ####...

Your spell library contained the following spells:

 Spells                   Type           Power        Failure   Level  Hunger
 Corona                   Hex            #......      63%         1    ##.....
 Ensorcelled Hibernation  Hex/Ice        #.....       77%         2    ###....
 Dazzling Flash           Conj/Hex       #.....       94%         3    ####...
 Tukima's Dance           Hex            #.......     94%         3    ####...


Dungeon Overview and Level Annotations

Branches:
Dungeon (7/15)
 Temple: D:4-7

Altars:
Dithmenos
Elyvilon
Makhleb
Okawaru
Uskayaw
Yredelemnul
Zin
The Shining One


Innate Abilities, Weirdness & Mutations

You are small and have problems with some larger weapons.
You are somewhat resistant to further mutation.


Message History

The bolt of electricity hits you!
Your unstable footing causes you to fumble your attack.
The electric eel shoots out a bolt of lightning at you!
The bolt of electricity hits the electric eel.
The electric eel completely resists.
The bolt of electricity misses you.
The electric eel shoots out a bolt of lightning at you!
The bolt of electricity hits you!
You are too injured to fight recklessly!
The electric eel shoots out a bolt of lightning at you!
The bolt of electricity hits the electric eel.
The electric eel completely resists.
The bolt of electricity hits you!
The electric eel shoots out a bolt of lightning at you!
The bolt of electricity hits the plant.
The bolt of electricity hits you!
* * * LOW HITPOINT WARNING * * *
The electric eel shoots out a bolt of lightning at you!
The bolt of electricity hits you.
* * * LOW HITPOINT WARNING * * *
The electric eel shoots out a bolt of lightning at you!
The bolt of electricity hits you!
You die...

≈≈≈≈≈≈≈≈≈≈≈≈≈w♣
≈≈≈≈≈≈≈≈≈≈≈≈≈≈≈
≈≈≈≈;≈≈≈≈≈≈≈P≈P
♣≈≈≈≈≈≈≈≈≈≈≈≈♣≈≈≈≈
P≈≈;≈≈≈≈≈≈≈♣≈≈♣PP♣
P≈P≈≈≈≈;≈≈≈≈≈≈P≈≈≈ #.
♣≈P≈≈P≈≈♣PP≈≈♣# ...
♣P≈≈♣♣≈♣≈♣≈P♣≈♣..#....#
#..♣P♣♣@♣♣≈≈.#.#..#....#
#............#.#.......#
#......##'####....##.#.#
#...... #.##...........#
.....## #.##...)........
#.... #..'....<.......
.... ######..........>.
.#.. #.................
## #..............###


You could see 2 electric eels.

Vanquished Creatures
  Purgy (D:4)
  A sky beast (D:5)
  An ogre (D:5)
  A bullfrog zombie (D:5)
  7 hounds
  2 orc priests (D:5)
  A bullfrog skeleton (D:5)
  An orc wizard (D:4)
  3 iguanas
  Terence (D:3)
  A worker ant (D:5)
  A killer bee zombie (D:5)
  A howler monkey skeleton (D:5)
  8 adders
  A shadow imp (D:5)
  2 oozes
  3 worms (D:5)
  A dart slug (D:2)
  6 leopard geckos
  11 orcs
  5 bats
  7 giant cockroaches
  7 goblins
  11 hobgoblins
  4 jackals
  2 quokkas
  A ball python (D:2)
  4 frilled lizards
  A jackal skeleton (D:5)
  7 kobolds
  13 rats
116 creatures vanquished.

Notes
Turn   | Place    | Note
-------+----------+-------------------------------------------
     0 | D:1      | Borgoz the Halfling Assassin began the quest for the Orb.
     0 | D:1      | Reached XP level 1. HP: 14/14 MP: 1/1
   154 | D:1      | Reached XP level 2. HP: 17/19 MP: 2/2
   490 | D:1      | Reached skill level 3 in Short Blades
   496 | D:1      | Reached XP level 3. HP: 21/24 MP: 3/3
   624 | D:1      | Reached skill level 1 in Armour
  1245 | D:2      | Reached XP level 4. HP: 22/29 MP: 4/4
  1932 | D:3      | Noticed Terence
  1951 | D:3      | Killed Terence
  1951 | D:3      | Reached XP level 5. HP: 30/35 MP: 5/5
  1993 | D:3      | Reached skill level 4 in Short Blades
  2004 | D:3      | Found a faded altar of an unknown god.
  2124 | D:3      | Found a basalt altar of Yredelemnul.
  2271 | D:3      | Reached skill level 5 in Stealth
  2536 | D:3      | Found an iron altar of Okawaru.
  2537 | D:3      | Found a hide-covered altar of Uskayaw.
  2542 | D:3      | Became a worshipper of Warmaster Okawaru
  2884 | D:4      | Reached XP level 6. HP: 41/41 MP: 6/6
  2925 | D:4      | You fall into a shaft and drop 3 floors!
  3210 | D:5      | Entered Level 5 of the Dungeon
  3472 | D:5      | Reached skill level 5 in Short Blades
  3499 | D:5      | Found a shadowy altar of Dithmenos.
  3854 | D:4      | Noticed Purgy
  3960 | D:4      | Killed Purgy
  3960 | D:4      | Reached * piety under Okawaru
  3960 | D:4      | Reached XP level 7. HP: 25/46 MP: 7/7
  4590 | D:5      | Found a glowing silver altar of Zin.
  4590 | D:5      | Found a glowing golden altar of the Shining One.
  4591 | D:5      | Found a white marble altar of Elyvilon.
  4640 | D:5      | Reached skill level 6 in Short Blades
  5043 | D:5      | Reached XP level 8. HP: 47/53 MP: 8/8
  5352 | D:5      | Found a burning altar of Makhleb.
  5408 | D:5      | Got a crystal rapier
  5409 | D:5      | Identified the +6 rapier of Absolution {pierce, rF++ rN+}
                  | (You found it on level 5 of the Dungeon)
  5861 | D:5      | Reached skill level 7 in Short Blades
  5914 | D:5      | Reached ** piety under Okawaru
  6026 | D:6      | Learned a level 3 spell: Confuse
  6071 | D:6      | Killed from afar by an electric eel

Levels and vault maps discovered:
D:1:      dpeg_arrival_rooms_a, layout_basic, minmay_rat_gold_closets
D:2:      layout_loops_ring
D:3:      layout_loops_ring, old_standard_altar,
          gammafunk_temple_overflow_statue,
          chequers_ecumenical_altar_simple_redux, uniq_terence
D:4:      layout_basic, uniq_purgy
D:5:      minmay_polygon_palace, layout_basic, good_gods_temple_1,
          kennysheep_mini_moat, first_ration, minmay_misc_feat_cross,
          bloody_makhleb
D:6:      layout_basic, minmay_temple_entry_steel_oval, serial_bayou,
          serial_bayou_crossing, serial_bayou_pond_d, serial_bayou_pond_a,
          serial_bayou_lake_a, serial_bayou_ford_a, serial_bayou_lagoon_a,
          serial_shops, kennysheep_mini
D:7:      layout_basic, lemuel_round_altar

Skill      XL: |  1  2  3  4  5  6  7  8 |
---------------+-------------------------+-----
Fighting       | 2 3 |  3.9
Short Blades   | 3 4 5 6 7 |  7.0
Armour         | 1 2 3 4 |  4.1
Dodging        | 2 3 4 |  4.3
Stealth        | 5 |  5.1
Throwing       | |  2.0
Spellcasting   | |  0.2
Invocations    | |  0.4
Evocations     | |  0.4

Action                   |  1- 3 |  4- 6 |  7- 9 || total
-------------------------+-------+-------+-------++-------
Melee: Dagger            |   117 |   242 |   161 ||   520
       Rapier            |       |       |    47 ||    47
Throw: Dart              |       |    14 |       ||    14
  Use: Potion            |       |     4 |     1 ||     5
       Scroll            |       |       |     4 ||     4
 Stab: Sleeping          |     9 |     8 |     3 ||    20
       Distracted        |     1 |       |       ||     1
  Eat: Chunk             |     1 |     8 |     8 ||    17
Armor: Robe              |    14 |       |       ||    14
       Ring mail         |       |    81 |    34 ||   115
       Skin              |       |       |    11 ||    11
Dodge: Dodged            |    72 |   194 |   117 ||   383

Table legend:
 A = Non-vault XP
 B = Vault XP
 C = Vault XP percentage of total XP
 D = Non-vault monster count
 E = Vault monster count
 F = Vault count percentage of total count
                 A         B        C        D         E       F
            +---------+---------+-------+---------+---------+-------
      Total |     981 |     445 |  31.2 |      97 |      19 |  16.4
            +---------+---------+-------+---------+---------+-------
        D:1 |      41 |       6 |  12.8 |      23 |       6 |  20.7
        D:2 |      49 |       0 |   0.0 |      19 |       0 |   0.0
        D:3 |     106 |      36 |  25.4 |      20 |       1 |   4.8
        D:4 |      95 |     132 |  58.1 |       6 |       1 |  14.3
        D:5 |     628 |     271 |  30.1 |      26 |      11 |  29.7
        D:7 |      62 |       0 |   0.0 |       3 |       0 |   0.0
            +---------+---------+-------+---------+---------+-------
